 Dungeon Crawl Stone Soup version 0.29.1-15-g9cfb28693d (webtiles) character file.

Game seed: 15976075642457437388

1036 ThatPearl the Conjurer (level 7, 0/60 HPs)
             Began as a Demigod Conjurer on Mar 9, 2023.
             Slain by a black bear (1 damage)
             ... on level 7 of the Dungeon.
             The game lasted 00:27:42 (7455 turns).

ThatPearl the Conjurer (Demigod Conjurer)           Turns: 7455, Time: 00:27:42

Health: 0/60       AC:  3    Str:  8    XL:     7   Next: 73%
Magic:  10/17      EV: 12    Int: 28    God:
Gold:   394        SH:  0    Dex: 12    Spells: 8/15 levels left

rFire   . . .      SeeInvis .   q - +2 whip (venom)
rCold   . . .      Faith    .   (no shield)
rNeg    . . .      Spirit   .   a - +0 robe
rPois   .          Reflect  .   A - +0 helmet
rElec   .          Harm     .   (no cloak)
rCorr   .          Rampage  .   (no gloves)
Will    .....                   (no boots)
Stlth   ++........              (no amulet)
HPRegen 0.20/turn               (no ring)
MPRegen 0.15/turn               (no ring)

@: no status effects
A: high MP 1, forlorn, divine attributes
a: no special abilities


You were on level 7 of the Dungeon.
You visited 1 branch of the dungeon, and saw 7 of its levels.
You also visited: Ossuary.

You collected 394 gold pieces.

Inventory:

Hand Weapons
 e - a +0 dagger
 n - a +0 spear
 q - a +2 whip of venom (weapon)
 r - a +0 sling
 y - a +2 dagger of draining
 D - a +2 whip of draining
 F - a +4 dagger
Missiles
 h - 40 stones
 k - 6 poisoned darts
 m - 9 boomerangs
Armour
 a - a +0 robe (worn)
 A - a +0 helmet (worn)
Wands
 o - a wand of charming (5)
 x - a wand of iceblast (5)
Scrolls
 b - 2 scrolls of torment
 d - a scroll of immolation {unknown}
 i - 2 scrolls of enchant armour {unknown}
 l - a scroll of poison {unknown}
 t - 2 scrolls of teleportation {unknown}
 u - 4 scrolls of noise {unknown}
 C - a scroll of brand weapon {unknown}
Potions
 f - 5 potions of curing
 g - 2 potions of brilliance
 j - 4 potions of might
 p - a potion of resistance
 s - a potion of attraction
 v - 2 potions of heal wounds
 w - 5 potions of flight
 z - a potion of ambrosia
 B - a potion of invisibility {unknown}
 E - a potion of mutation {unknown}


   Skills:
 + Level 4.3 Fighting
 - Level 1.7 Dodging
 - Level 1.7 Stealth
 + Level 4.5 Spellcasting
 + Level 5.8 Conjurations
 + Level 2.7 Translocations


You had 8 spell levels left.
You knew the following spells:

 Your Spells              Type           Power      Damage    Failure   Level
a - Magic Dart            Conj           100%       1d8       1%          1
g - Gell's Gravitas       Tloc           21%        N/A       7%          3
m - Summon Small Mammal   Summ           24%        N/A       7%          1
s - Searing Ray           Conj           78%        2d7       1%          2

Your spell library contained the following spells:

 Spells                   Type           Power      Damage    Failure   Level
 Apportation              Tloc           42%        N/A       2%          1
 Dazzling Flash           Conj/Hex       44%        N/A       6%          3
 Necrotise                Necr           24%        1d5       7%          1
 Sting                    Tmut/Pois      24%        1d4       7%          1
 Lesser Beckoning         Tloc           21%        N/A       7%          3
 Teleport Other           Tloc           21%        N/A       7%          3
 Mephitic Cloud           Conj/Pois/Air  17%        N/A       10%         3
 Call Imp                 Summ           6%         N/A       11%         2
 Poisonous Vapours        Pois/Air       12%        N/A       11%         2
 Iskenderun's Mystic Bla  Conj/Tloc      30%        2d8       12%         4
 Fulminant Prism          Conj/Hex       11%        3d9       22%         4
 Olgreb's Toxic Radiance  Pois           6%         N/A       56%         4


Dungeon Overview and Level Annotations

Branches:
Dungeon (7/15)             Temple (0/1) D:5         Ossuary (visited)

Shops:
D:2 =

Annotations:
D:6 Edmund, Grinder


Innate Abilities, Weirdness & Mutations

You have an increased reservoir of magic. (+10% MP)
You shall have no god before yourself.
Your divine heritage dramatically boosts your attributes as you level up.


Message History

You climb upwards.
Level annotation: Edmund The ufetubus barely misses you.
The ufetubus closely misses you. The hound bites you.
The ufetubus hits you. x2; The hound bites you.
A shadow comes into view.
The yak gores you! The black bear misses you. The black bear barely misses you.
The black bear claws you. The hound misses you.
The ufetubus barely misses you. x2
The yak gores you! The black bear closely misses you. The black bear claws you.
The black bear barely misses you.
The shadow moves out of view.
There is a stone staircase leading down, spattered with blood here.
The ufetubus hits you.
* * * LOW HITPOINT WARNING * * *
The ufetubus hits you.
* * * LOW HITPOINT WARNING * * *
The hound completely misses you.
The black bear bites you but does no damage.
The black bear barely misses you. x2; The yak barely misses you.
You climb downwards.
There is a stone staircase leading up here.
As you read the scroll labelled SUPLIUD ZAFEWA, it crumbles to dust.
Your body is wracked with pain!
* * * LOW HITPOINT WARNING * * *
The black bear convulses!
The yak convulses!
The hound convulses!
It was a scroll of torment.
The ufetubus closely misses you. The ufetubus hits you.
* * * LOW HITPOINT WARNING * * *
The ufetubus hits you.
* * * LOW HITPOINT WARNING * * *
The ufetubus hits you.
* * * LOW HITPOINT WARNING * * *
The black bear closely misses you. The black bear barely misses you.
The black bear closely misses you.
As you read the scroll labelled GIOGOD DUNGA, it crumbles to dust.
It is a scroll of amnesia.
Really abort (and waste the scroll)? [Y]es or [N]o only, please.
Really abort (and waste the scroll)?
Okay, then.
The ufetubus closely misses you. x2; The black bear bites you.
You die...

..# ..# .# ... #.#
#.. #.# #.# #.# #h#
#.# #h# . #.# #@#
..#####.# #5##
........# #Y.#
.....#..########..#
#.##.#.).[..).....#
#. #.#.##########.#
o..#.#.###### .#
.o............ .#
...###........ ..


You could see a yak, a black bear, a hound and an ufetubus.

Vanquished Creatures
  2 black bears
  2 phantoms
  An elf zombie (Ossuary)
  A bullfrog (D:6)
  A jelly (D:6)
  2 human zombies (Ossuary)
  2 orc priests
  3 iguanas
  An orc wizard (D:5)
  A hound zombie (Ossuary)
  4 mummies (Ossuary)
  11 adders
  4 gnolls (D:3)
  2 white imps (D:5)
  An ufetubus (D:5)
  An adder zombie (Ossuary)
  2 worms (D:2)
  3 dart slugs
  14 orcs
  5 endoplasms
  6 giant cockroaches
  2 gnoll zombies (Ossuary)
  5 goblins
  8 hobgoblins
  3 jackals (D:1)
  3 quokkas
  9 ball pythons
  6 bats
  5 frilled lizards
  2 jackal zombies (Ossuary)
  6 kobolds
  An orc zombie (Ossuary)
  3 rats (D:2)
  A rat zombie (Ossuary)
123 creatures vanquished.

Vanquished Creatures (collateral kills)
  A gnoll zombie (Ossuary)
1 creature vanquished.

Grand Total: 124 creatures vanquished

Notes
Turn   | Place    | Note
-------+----------+-------------------------------------------
     0 | D:1      | ThatPearl the Demigod Conjurer began the quest for the Orb.
     0 | D:1      | Reached XP level 1. HP: 14/14 MP: 5/5
   357 | D:1      | Reached XP level 2. HP: 16/22 MP: 2/7
   465 | D:1      | Learned a level 2 spell: Searing Ray
   581 | D:1      | Reached skill level 1 in Fighting
  1155 | D:2      | Found Tecuga Heisch's Jewellery Shoppe.
  1378 | D:2      | Reached skill level 4 in Conjurations
  1378 | D:2      | Reached XP level 3. HP: 28/28 MP: 3/9
  2320 | D:2      | Learned a level 1 spell: Summon Small Mammal
  2588 | D:3      | Reached XP level 4. HP: 29/36 MP: 4/10
  4118 | D:4      | Reached XP level 5. HP: 42/42 MP: 9/12
  4123 | D:4      | Learned a level 3 spell: Gell's Gravitas
  4398 | D:4      | Found a sand-covered staircase.
  4407 | Ossuary  | Entered an ossuary
  4487 | Ossuary  | Reached skill level 5 in Conjurations
  4487 | Ossuary  | Reached XP level 6. HP: 13/51 MP: 6/14
  5515 | D:5      | Entered Level 5 of the Dungeon
  5552 | D:5      | Noticed a torpor snail
  5552 | D:5      | Noticed a torpor snail
  5552 | D:5      | Noticed a torpor snail
  5696 | D:5      | Reached skill level 1 in Translocations
  6380 | D:5      | Found a staircase to the Ecumenical Temple.
  6382 | D:5      | Reached XP level 7. HP: 50/58 MP: 7/16
  7032 | D:6      | Noticed a yak
  7105 | D:6      | Noticed Edmund
  7238 | D:6      | Noticed a two-headed ogre
  7451 | D:6      | Noticed a shadow
  7452 | D:6      | Noticed Grinder
  7454 | D:7      | HP: 1/60 [ufetubus (3)]
  7455 | D:7      | Slain by a black bear

Illustrated notes

Levels and vault maps discovered:
D:1:      ncdulo_halloftheorcs, layout_basic, ebering_ecumenical_altar_abandoned
D:2:      layout_loops_cross, serial_shops, shop
D:3:      layout_loops_corners, mainiacjoe_overflow_six_doors_small,
          hangedman_decor_diamond_cutter
D:4:      layout_basic, lightli_ossuary_entry_decrepit_ruins
D:5:      layout_loops_corners, nicolae_ashenzari_skybound, cheibriados_altar_2,
          mainiacjoe_overflow_small_starburst, kennysheep_mini,
          minmay_temple_entry_mini_moons
D:6:      cheibrodos_fzero, layout_rooms, zin_scriptorium, uniq_duvessa,
          uniq_edmund, uniq_grinder
D:7:      layout_loops_ring, general_overflow_altar, uniq_pikel, uniq_joseph

Skill      XL: |  1  2  3  4  5  6  7 |
---------------+----------------------+-----
Spellcasting   | 2 3 4 |  4.5
Fighting       | 1 2 3 4 |  4.3
Conjurations   | 4 5 |  5.8
Translocations | 1 2 |  2.7
Dodging        | |  1.7
Stealth        | |  1.7

Action                   |  1- 3 |  4- 6 |  7- 9 || total
-------------------------+-------+-------+-------++-------
Melee: Dagger            |    37 |       |       ||    37
       Punch             |     1 |       |       ||     1
       Whip              |       |    67 |     3 ||    70
 Cast: Magic Dart        |    74 |    63 |    18 ||   155
       Searing Ray       |     5 |    22 |     8 ||    35
       Summon Small Mamm |       |     2 |       ||     2
Evoke: Wand              |       |     2 |       ||     2
  Use: Potion            |       |     1 |       ||     1
       Scroll            |       |     7 |     3 ||    10
 Stab: Sleeping          |     7 |     1 |       ||     8
Armor: Robe              |    19 |    14 |     8 ||    41
Dodge: Dodged            |    43 |    84 |    32 ||   159
